 Dungeon Crawl Stone Soup version 0.28-a0-836-g2d8be16 (webtiles) character file.

Game seed: 5254693195512165377

562 Sixotanaka the Frost Mage (level 7, -3/46 HPs)
             Began as a Merfolk Ice Elementalist on Nov 11, 2021.
             Was an Initiate of Sif Muna.
             Slain by Edmund (5 damage)
             ... on level 5 of the Dungeon.
             The game lasted 00:11:17 (5969 turns).

Sixotanaka the Frost Mage (MfIE)                    Turns: 5969, Time: 00:11:19

Health: -3/46      AC: 12    Str:  8    XL:     7   Next: 32%
Magic:  0/10       EV: 13    Int: 17    God:    Sif Muna [......]
Gold:   294        SH:  0    Dex: 14    Spells: 3/10 levels left

rFire   . . .      SeeInvis .   A - +0 trident (vamp)
rCold   . . .      Faith    .   (no shield)
rNeg    + + .      Spirit   .   a - +0 robe
rPois   .          Reflect  .   (no helmet)
rElec   .          Harm     .   c - +0 cloak
rCorr   +          Rampage  .   u - +1 pair of gloves "Voivuv" {rN++ rCorr}
Will    .....                   (no boots)
Stlth   ++........              j - amulet of the acrobat
HPRegen 0.15/turn               l - ring of wizardry {o}
MPRegen 0.12/turn               (no ring)

@: ice-armoured, flying
A: (nimble swimmer 2), mertail
a: Renounce Religion


You were on level 5 of the Dungeon.
You worshipped Sif Muna.
Sif Muna was noncommittal.
You visited 2 branches of the dungeon, and saw 6 of its levels.

You collected 294 gold pieces.

Inventory:

Hand Weapons
 i - a +0 spear
 A - a +0 vampiric trident (weapon)
Missiles
 x - 2 throwing nets
Armour
 a - a +0 robe (worn)
 c - a +0 cloak (worn)
 u - the +1 pair of gloves "Voivuv" (worn) {rN++ rCorr}
   (You found it on level 4 of the Dungeon)

   rN:        It greatly protects you from negative energy.
   rCorr:     It protects you from acid and corrosion.
 v - a +0 leather armour
 z - a +2 kite shield
Jewellery
 j - an amulet of the acrobat (around neck)
 l - a ring of wizardry (left hand) {o}
 r - a ring of flight
Wands
 p - a wand of paralysis (9)
 q - a wand of iceblast (9)
 y - a wand of flame (11)
Scrolls
 b - a scroll of vulnerability {unknown}
 f - a scroll of identify {unknown}
 m - a scroll of blinking {unknown}
 n - a scroll of enchant weapon {unknown}
 o - 2 scrolls of immolation {unknown}
 s - a scroll of teleportation {unknown}
Potions
 d - a potion of magic {unknown}
 e - a potion of flight
 g - a potion of haste {unknown}
 h - a potion of lignification {unknown}
 k - a potion of heal wounds {unknown}
 t - a potion of might {unknown}
 w - a potion of ambrosia {unknown}


   Skills:
 + Level 3.4 Dodging
 - Level 2.1 Stealth
 - Level 2.0 Spellcasting
 + Level 9.1 Ice Magic
 + Level 1.5 Invocations


You had 3 spell levels left.
You knew the following spells:

 Your Spells              Type           Power      Damage    Failure   Level
a - Freeze                Ice            100%       1d11      1%          1
b - Frozen Ramparts       Ice            64%        1d8       1%          3
c - Ozocubu's Armour      Ice            32%        N/A       1%          3

Your spell library contained the following spells:

 Spells                   Type           Power      Damage    Failure   Level
 Ensorcelled Hibernation  Hex/Ice        34%        N/A       1%          2
 Spider Form              Tmut/Pois      1%         N/A       22%         3
 Hailstorm                Conj/Ice       17%        3d6       12%         4


Dungeon Overview and Level Annotations

Branches:
Dungeon (5/15)             Temple (1/1) D:4

Altars:
Ashenzari
Dithmenos
Elyvilon
Kikubaaqudgha
Makhleb
Qazlal
Sif Muna
Yredelemnul
The Shining One

Annotations:
D:4 3 runed translucent doors, dontdoit's ghost, amateur HOAK
D:5 4 runed translucent doors, Crazy Yiuf; Edmund; Grinder; Liam3024's ghost, legendary HOBe


Innate Abilities, Weirdness & Mutations

((You are quick and stealthy near water. (Stealth+, EV+, Speed+++)))
Your lower body shifts to a powerful aquatic tail in water.


Message History

Confirm with . or Enter, or press ? or * to list all spells.
You don't have enough magic to cast this spell.
Unknown command.
You hit Edmund but do no damage.
Edmund is severely wounded.
Edmund resists.
The wall freezes Edmund.
Edmund hits you with a +4 dire flail of protection.
You hit Edmund but do no damage.
Edmund is almost dead.
Edmund completely resists.
The wall freezes Edmund but does no damage.
Edmund hits you with a +4 dire flail of protection!
* * * LOW HITPOINT WARNING * * *
You hit Edmund.
Edmund is almost dead.
The frozen ramparts melt away.
Edmund hits you with a +4 dire flail of protection!
* * * LOW HITPOINT WARNING * * *
Edmund grinds his teeth, and then sighs.
Edmund hits you but does no damage.
It was a potion of flight.
You feel very buoyant.
You fly up into the air.
Edmund hits you with a +4 dire flail of protection.
* * * LOW HITPOINT WARNING * * *
You hit Edmund but do no damage.
Edmund is almost dead.
Edmund hits you but does no damage.
You barely miss Edmund.
Edmund is almost dead.
Edmund hits you but does no damage.
Casting: Freeze (safe; 1% risk of failure)
Confirm with . or Enter, or press ? or * to list all spells.
Aiming: Freeze (safe; 1% risk of failure)
Press: ? - help, Shift-Dir - straight line, f/p - Edmund
Aim: Edmund, wielding a +4 dire flail of protection and wearing a +0 chain mail (almost dead, unusually resistant)
You freeze Edmund.
Edmund resists.
Edmund is almost dead.
Edmund hits you with a +4 dire flail of protection.
You die...

########### #
#.........# ####
#.........###...
#.............##
#.........#####
#..<......#
#.........#
####...........#
#.@..........#...
#@############..#
#.# ...
##.#######. ###
#..........
#....♣♣.♣♣.
#..♣..♣ #..♣♣.h.
#... ..@.


You could see Edmund (resistant).

Vanquished Creatures
  Duvessa (D:4)
  An orc warrior (D:5)
  Dowan (D:4)
  A bullfrog zombie (D:4)
  A hound (D:5)
  4 gnolls (D:4)
  11 adders
  An adder skeleton (D:4)
  4 worms
  5 dart slugs
  4 orcs
  7 endoplasms
  A giant cockroach (D:1)
  6 goblins
  4 hobgoblins
  5 jackals
  5 quokkas
  6 ball pythons
  3 bats
  10 frilled lizards
  6 kobolds
  6 rats
93 creatures vanquished.

Vanquished Creatures (others)
  2 fungi (D:5)
  2 plants (D:5)
4 creatures vanquished.

Grand Total: 97 creatures vanquished

Notes
Turn   | Place    | Note
-------+----------+-------------------------------------------
     0 | D:1      | Sixotanaka the Merfolk Ice Elementalist began the quest for
                  | the Orb.
     0 | D:1      | Reached XP level 1. HP: 13/13 MP: 3/3
   211 | D:1      | Reached XP level 2. HP: 19/19 MP: 5/5
   415 | D:1      | Reached skill level 5 in Ice Magic
  1186 | D:2      | Reached XP level 3. HP: 24/24 MP: 3/6
  1277 | D:2      | Learned a level 3 spell: Frozen Ramparts
  1403 | D:2      | Found a burning altar of Makhleb.
  1685 | D:2      | Reached skill level 6 in Ice Magic
  1685 | D:2      | Reached XP level 4. HP: 27/30 MP: 3/7
  1740 | D:2      | Learned a level 3 spell: Ozocubu's Armour
  2050 | D:2      | Found a faded altar of an unknown god.
  2558 | D:3      | Found an ancient bone altar of Kikubaaqudgha.
  2881 | D:3      | Reached XP level 5. HP: 35/35 MP: 5/8
  3706 | D:4      | Found a burning altar of Makhleb.
  3744 | D:4      | Noticed dontdoit's ghost (amateur HOAK)
  3798 | D:4      | Reached skill level 7 in Ice Magic
  4032 | D:4      | Found a runed translucent gate.
  4032 | D:4      | Found a runed translucent gate.
  4032 | D:4      | Found a runed translucent gate.
  4045 | D:4      | Identified the +1 pair of gloves "Voivuv" {rN++ rCorr}
  4609 | D:4      | Noticed Duvessa
  4609 | D:4      | Noticed Dowan
  4621 | D:4      | Killed Duvessa
  4622 | D:4      | Reached skill level 8 in Ice Magic
  4622 | D:4      | Reached XP level 6. HP: 22/41 MP: 1/9
  4625 | D:4      | Killed Dowan
  4985 | D:4      | Found a staircase to the Ecumenical Temple.
  4991 | Temple   | Entered the Ecumenical Temple
  5016 | Temple   | Became a worshipper of Sif Muna the Loreminder
  5246 | D:5      | Entered Level 5 of the Dungeon
  5293 | D:5      | Noticed Grinder
  5566 | D:5      | Reached XP level 7. HP: 42/46 MP: 10/10
  5633 | D:5      | Found a basalt altar of Yredelemnul.
  5633 | D:5      | Noticed Edmund
  5681 | D:5      | Reached skill level 9 in Ice Magic
  5681 | D:5      | Reached skill level 1 in Invocations
  5808 | D:5      | Found a runed translucent door.
  5809 | D:5      | Noticed Crazy Yiuf
  5878 | D:5      | Found a runed translucent gate.
  5878 | D:5      | Found a runed translucent gate.
  5878 | D:5      | Found a runed translucent gate.
  5880 | D:5      | Noticed Liam3024's ghost (legendary HOBe)
  5936 | D:5      | Found a white marble altar of Elyvilon.
  5965 | D:5      | HP: 2/46 [Edmund (10)]
  5969 | D:5      | Slain by Edmund

Illustrated notes

Levels and vault maps discovered:
D:1:      dpeg_arrival_rhombi, layout_loops_corners
D:2:      layout_loops_ring, basic_altar, shapermc_ecumenical_altar_hornbeckon,
          minmay_lizard_pond
D:3:      layout_basic, mainiacjoe_overflow_alcove_2
D:4:      layout_cave_pools, lightli_temple_of_fire,
          minmay_temple_entry_enclosed_plants, gammafunk_ghost_split,
          kennysheep_another_room, minmay_strange_pillars, uniq_duvessa
D:5:      layout_rooms, mainiacjoe_overflow_small_starburst, lemuel_tele_altar,
          gammafunk_ghost_nasty_kobolds, uniq_grinder, uniq_edmund,
          uniq_crazy_yiuf_cottage, uniq_menkaure
Temple:   cyrus_temple_forest

Skill      XL: |  1  2  3  4  5  6  7 |
---------------+----------------------+-----
Ice Magic      | 5 6 8 9 |  9.1
Dodging        | 3 |  3.4
Invocations    | 1 |  1.5
Stealth        | |  2.1
Spellcasting   | |  2.0

Action                   |  1- 3 |  4- 6 |  7- 9 || total
-------------------------+-------+-------+-------++-------
Melee: Dagger            |     4 |       |       ||     4
       Unarmed           |     2 |       |       ||     2
       Short sword       |     5 |       |       ||     5
       Spear             |    20 |   124 |     7 ||   151
       Trident           |       |       |     6 ||     6
 Cast: Freeze            |    44 |    52 |     6 ||   102
       Frozen Ramparts   |     1 |    13 |     2 ||    16
       Ozocubu's Armour  |       |     7 |     2 ||     9
  Use: Potion            |       |       |     1 ||     1
 Stab: Sleeping          |     6 |    10 |     1 ||    17
       Distracted        |       |     1 |       ||     1
Armor: Robe              |     8 |    39 |     5 ||    52
Dodge: Dodged            |    27 |    85 |     7 ||   119

Table legend: (Time is in decaauts)
 A = Elapsed time spent in this place.
 B = Non-inter-level travel time spent in this place.
 C = Inter-level travel time spent in this place.
 D = Time resting spent in this place.
 E = Time spent auto-exploring this place.
 F = Levels seen in this place.
 G = Mean time per level.
                   A        B        C        D        E       F      G
               +--------+--------+--------+--------+--------+-----+--------+
         Total |   5977 |   5753 |    224 |   1284 |   3423 |   6 |  996.2 |
       Dungeon |   5928 |   5727 |    201 |   1284 |   3406 |   5 | 1185.6 |
        Temple |     49 |     26 |     23 |      0 |     17 |   1 |   49.0 |
               +--------+--------+--------+--------+--------+-----+--------+

Top non-repeatable levels by time:
     D:3: 1565 daAuts
     D:4: 1555 daAuts
     D:1: 1172 daAuts
     D:2: 1156 daAuts
     D:5: 478 daAuts
  Temple: 49 daAuts
